 Dungeon Crawl Stone Soup version 0.30-a0-571-gdf30a72648 (webtiles) character file.

Game seed: 5343850313208391805

1921915 themarg the Scorcher (level 26, 228/228 HPs)
             Began as a Yellow Draconian Conjurer on Dec 24, 2022.
             Was a High Priest of Hepliaklqana.
             Escaped with the Orb
             ... and 4 runes on Dec 30, 2022!
             The game lasted 13:38:58 (97065 turns).

themarg the Scorcher (Yellow Draconian Conjurer)   Turns: 97065, Time: 13:38:59

Health: 228/228    AC: 24    Str:  9    XL:     26   Next: 75%
Magic:  39/46      EV: 18    Int: 23    God:    Hepliaklqana [*****.]
Gold:   3565       SH: 10    Dex: 18    Spells: 6/63 levels left

rFire   + . .      SeeInvis .    b - staff of conjuration
rCold   + + .      Faith    .    L - +2 buckler {reflect}
rNeg    + . .      Spirit   .    (body armour unavailable)
rPois   .          Reflect  +    A - +2 hat
rElec   +          Harm     .    B - +2 cloak {Will+}
rCorr   +          Rampage  .    Y - +2 pair of gloves
Will    +++..      Clarity  +    P - +2 pair of boots "Jesot" {Will+ Stlth+}
Stlth   ++                       D - dreamshard necklace {*Dream Drain}
HPRegen 0.58/turn                w - ring of Reckehite {*Corrode rC++ rN+ Dex+5}
MPRegen 0.30/turn                g - ring "Xyphoybu" {rElec rF+ Str-5 Dex+2 Stlth+, =R}

@: studying 3 skills
A: reduced essence, spit acid, AC +12, unfitting armour, acidic bite,
cold-blooded, acid resistance, talons 1, clarity, dopey 1, robust 1, shaggy fur
1
0: Orb of Zot
}: 4/15 runes: barnacled, slimy, silver, gossamer
a: Breathe Acid, Renounce Religion, Recall Ancestor, Ancestor Identity,
Transference, Idealise


You escaped.
You worshipped Hepliaklqana.
Hepliaklqana was extremely pleased with you.
You visited 11 branches of the dungeon, and saw 53 of its levels.
You also visited: Ossuary and Gauntlet.

You collected 6990 gold pieces.
You spent 3425 gold pieces at shops.

Inventory:

Missiles
 s - 7 throwing nets
Armour
 e - a +2 kite shield
 A - a +2 hat (worn)
 B - a +2 cloak of willpower (worn)
 L - a +2 buckler of reflection (worn)
 P - the +2 pair of boots "Jesot" (worn) {Will+ Stlth+}
   (You acquired it on level 9 of the Dungeon)

   Will:      It increases your willpower.
   Stlth:     It makes you more stealthy.
 Y - a +2 pair of gloves (worn)
Magical Staves
 a - a staff of fire
 b - a staff of conjuration (weapon)
Jewellery
 g - the ring "Xyphoybu" (right hand) {rElec rF+ Str-5 Dex+2 Stlth+, =R}
   (You acquired it on level 1 of the Spider Nest)

   [ring of protection from fire]

   Str:       It affects your strength (-5).
   Dex:       It affects your dexterity (+2).
   rF:        It protects you from fire.
   rElec:     It insulates you from electricity.
   Stlth:     It makes you more stealthy.
 w - the ring of Reckehite (left hand) {*Corrode rC++ rN+ Dex+5}
   (You acquired it on level 9 of the Dungeon)

   [ring of positive energy]

   Dex:       It affects your dexterity (+5).
   rC:        It greatly protects you from cold.
   rN:        It protects you from negative energy.
   *Corrode:  It may corrode you when you take damage.
 D - the dreamshard necklace (around neck) {*Dream Drain}
   (You took it off a deep elf master archer on level 3 of the Elven Halls)

   [amulet of nothing]

   It shatters if its wearer takes lethal or near-lethal damage, preventing the
   blow and releasing protective dreams that heal and fight for the wearer.
   Drain:     It drains your maximum health when unequipped.
 F - a ring of see invisible
 T - the amulet "Roapyxav" {RegenMP Fly rElec Will- Int+6}
   (You took it off an orc on level 1 of the Vaults)

   [amulet of magic regeneration]

   It increases your rate of magic regeneration.
   Int:       It affects your intelligence (+6).
   rElec:     It insulates you from electricity.
   Fly:       It grants you flight.
   Will:      It decreases your willpower.
 W - the ring "Buqeoxt" {rPois Int+6 Dex+2 Stlth-}
   (You acquired it on level 11 of the Dungeon)

   [ring of intelligence]

   Int:       It affects your intelligence (+6).
   Dex:       It affects your dexterity (+2).
   rPois:     It protects you from poison.
   Stlth:     It makes you less stealthy.
Wands
 m - a wand of iceblast (19)
 x - a wand of acid (12)
 y - a wand of mindburst (23)
 Q - a wand of paralysis (46)
 Z - a wand of digging (13)
Scrolls
 f - 18 scrolls of immolation
 j - 4 scrolls of blinking
 n - 9 scrolls of fog
 o - a scroll of summoning
 q - 6 scrolls of poison
 r - 4 scrolls of torment
 t - 31 scrolls of teleportation
 u - 12 scrolls of enchant weapon
 C - 8 scrolls of amnesia
 H - a scroll of magic mapping
 K - 5 scrolls of vulnerability
 U - 2 scrolls of fear (quivered)
Potions
 c - a potion of haste
 d - 3 potions of mutation
 h - 37 potions of curing
 k - 9 potions of attraction
 v - 6 potions of flight
 G - 4 potions of magic
 I - 8 potions of might
 J - 4 potions of brilliance
 M - 7 potions of ambrosia
 N - 4 potions of lignification
 O - 5 potions of resistance
 R - 6 potions of cancellation
 S - 3 potions of invisibility
 V - 10 potions of heal wounds
Miscellaneous
 i - a lightning rod (4/4)
 l - a box of beasts (inert)
 p - a tin of tremorstones (2/2)
 z - a phial of floods
 E - a condenser vane
 X - a phantom mirror


   Skills:
 - Level 17.0 Fighting
 - Level 6.0 Throwing
 - Level 10.0 Dodging
 - Level 3.0 Stealth
 - Level 15.0 Shields
 + Level 19.2 Spellcasting
 - Level 15.0 Conjurations
 - Level 6.0 Hexes
 - Level 12.0 Summonings
 - Level 10.0 Necromancy
 - Level 5.0 Translocations
 - Level 3.0 Transmutations
 - Level 20.0 Fire Magic
 - Level 8.0 Ice Magic
 - Level 5.0 Air Magic
 - Level 10.0 Earth Magic
 - Level 17.0 Invocations
 - Level 16.0 Evocations


You had 6 spell levels left.
You knew the following spells:

 Your Spells              Type           Power      Damage    Failure   Level
a - Magic Dart            Conj           100%       1d8       0%          1
b - Iskenderun's Mystic   Conj/Tloc      80%        2d16      1%          4
c - Borgnjor's Vile Clut  Necr/Erth      30%        N/A       1%          5
d - Freezing Cloud        Conj/Ice/Air   39%        6-21      1%          5
e - Sublimation of Blood  Necr           61%        N/A       1%          2
f - Fireball              Conj/Fire      50%        3d20      1%          5
g - Starburst             Conj/Fire      50%        6d14      1%          6
h - Ignition              Fire           42%        3d12      4%          8
i - Iron Shot             Conj/Erth      44%        9d9       2%          6
j - Yara's Violent Unrav  Hex/Tmut       21%        3d10      11%         5
k - Apportation           Tloc           90%        N/A       1%          1
s - Spellforged Servitor  Conj/Summ      45%        N/A       9%          7
z - Blink                 Tloc           90%        N/A       1%          2

Your spell library contained the following spells:

 Spells                   Type           Power      Damage    Failure   Level
 Foxfire                  Conj/Fire      100%       2x1d9     0%          1
 Scorch                   Fire           100%       2d10      0%          2
 Searing Ray              Conj           100%       2d8       0%          2
 Beastly Appendage        Tmut           70%        N/A       1%          1
 Freeze                   Ice            100%       1d10      1%          1
 Slow                     Hex            100%       N/A       1%          1
 Sting                    Tmut/Pois      100%       1d8       1%          1
 Call Imp                 Summ           67%        N/A       1%          2
 Cigotuvi's Dreadful Rot  Necr/Pois/Air  90%        N/A       1%          2
 Momentum Strike          Conj/Tloc      100%       3d10      1%          2
 Poisonous Vapours        Pois/Air       66%        N/A       1%          2
 Wereblood                Tmut           35%        N/A       1%          2
 Dazzling Flash           Conj/Hex       100%       N/A       1%          3
 Frozen Ramparts          Ice            100%       1d16      1%          3
 Gell's Gravitas          Tloc           45%        N/A       1%          3
 Hailstorm                Conj/Ice       85%        3d17      1%          3
 Ignite Poison            Fire/Tmut/Pois 55%        N/A       1%          3
 Inner Flame              Hex/Fire       69%        N/A       1%          3
 Kindle Blastsparks       Fire/Tloc/Air  100%       2d18      1%          3
 Lesser Beckoning         Tloc           90%        N/A       1%          3
 Mephitic Cloud           Conj/Pois/Air  68%        N/A       1%          3
 Ozocubu's Armour         Ice            56%        N/A       1%          3
 Portal Projectile        Hex/Tloc       94%        N/A       1%          3
 Stone Arrow              Conj/Erth      100%       3d13      1%          3
 Summon Guardian Golem    Hex/Summ       59%        N/A       1%          3
 Teleport Other           Tloc           45%        N/A       1%          3
 Tukima's Dance           Hex            49%        N/A       1%          3
 Vhi's Electric Charge    Tloc/Air       90%        N/A       1%          3
 Anguish                  Hex/Necr       28%        N/A       1%          4
 Animate Dead             Necr           61%        N/A       1%          4
 Flame Wave               Conj/Fire      100%       2d21      1%          4
 Fulminant Prism          Conj/Hex       40%        3d19      1%          4
 Petrify                  Tmut/Erth      51%        N/A       1%          4
 Sticky Flame             Conj/Fire      100%       2d11      1%          4
 Summon Lightning Spire   Summ/Air       57%        N/A       1%          4
 Arcjolt                  Conj/Air       40%        1d50      1%          5
 Cause Fear               Hex            24%        N/A       2%          4
 Ice Form                 Ice/Tmut       47%        N/A       2%          4
 Summon Forest            Summ/Tloc      28%        N/A       2%          5
 Summon Cactus Giant      Summ           33%        N/A       2%          6
 Manifold Assault         Tloc           45%        N/A       3%          4
 Passage of Golubria      Tloc           45%        N/A       3%          4
 Spider Form              Tmut/Pois      28%        N/A       4%          3
 Metabolic Englaciation   Hex/Ice        26%        N/A       4%          5
 Death Channel            Necr           30%        N/A       6%          6
 Silence                  Hex/Air        23%        N/A       8%          5
 Simulacrum               Ice/Necr       29%        N/A       10%         6
 Blade Hands              Tmut           17%        N/A       21%         5
 Olgreb's Toxic Radiance  Pois           22%        N/A       26%         4
 Statue Form              Tmut/Erth      34%        N/A       26%         6
 Alistair's Intoxication  Tmut/Pois      18%        N/A       36%         5
 Dispersal                Tloc           22%        N/A       45%         6
 Eringya's Noxious Bog    Tmut/Pois      14%        N/A       91%         6
 Orb of Destruction       Conj           47%        9d12      4%          7
 Summon Hydra             Summ           33%        N/A       16%         7
 Haunt                    Necr/Summ      32%        N/A       24%         7
 Malign Gateway           Summ/Tloc      28%        N/A       54%         7
 Lehudib's Crystal Spear  Conj/Erth      44%        10d11     69%         8
 Enfeeble                 Hex            24%        N/A       88%         7
 Infestation              Necr           30%        N/A       95%         8
 Dragon Form              Tmut           17%        N/A       99%         7
 Storm Form               Tmut/Air       20%        N/A       99%         7
 Discord                  Hex            24%        N/A       100%        8
 Disjunction              Tloc           22%        N/A       100%        8
 Maxwell's Capacitive Co  Air            22%        ∞         100%        8
 Necromutation            Tmut/Necr      25%        N/A       100%        8
 Polar Vortex             Ice            28%        N/A       100%        9
 Animate Armour           Summ/Erth      Unusable   N/A       N/A         4

Dungeon Overview and Level Annotations

Branches:
Dungeon (15/15)            Temple (1/1) D:4            Lair (5/5) D:8
 Shoals (4/4) Lair:3       Spider (4/4) Lair:3        Slime (5/5) Lair:5
    Orc (2/2) D:12            Elf (3/3) Orc:2        Vaults (5/5) D:14
  Crypt (0/3) Vaults:3     Depths (4/4) D:15            Zot (5/5) Depths:4
Ossuary (visited)         Gauntlet (visited)

Altars:
Ashenzari
Cheibriados
Dithmenos
Elyvilon
Fedhas
Gozag
Hepliaklqana
Kikubaaqudgha
Makhleb
Nemelex Xobeh
Okawaru
Qazlal
Ru
Sif Muna
Trog
Uskayaw
Vehumet
Wu Jian
Xom
Yredelemnul
Zin
The Shining One
Jiyva

Shops:
D:5 [   D:7 **   D:9 !   D:12 !   Orc:2 *[!*   Elf:1 [   Shoals:1 *
Vaults:4 *   Depths:3 [[?   Depths:4 **?!

Portals:
Hell: Depths:1 Depths:2 Depths:3 Depths:4
Abyss: Depths:3
Pandemonium: Depths:2 Depths:4
Ziggurat: Depths:1
Trove: Vaults:2 (give 2 scrolls of acquirement)

Annotations:
Lair:4 1 runed translucent door, snackwell's ghost, journeyman DjRe
Shoals:1 2 transporters, oldriver's ghost, adept NaAr
Shoals:4 1 exclusion
Elf:2 3 runed translucent doors, exclusion: 3 doors
Vaults:1 exclusions: downstairs and 1 more exclusion
Depths:1 1 runed translucent door, exclusion: door
Zot:1 1 runed translucent door, Vyqe's ghost, master MfIE
Zot:5 3 exclusions


Innate Abilities, Weirdness & Mutations

Your life essence is reduced to manifest your ancestor. (-10% HP)
You can spit globs of acid.
Your golden yellow scales are hard. (AC +12)
You cannot fit into any form of body armour.
You have acidic saliva.
You are cold-blooded and may be slowed by cold attacks.
You are resistant to acid. (rCorr)
You have sharp toenails.
You possess an exceptional clarity of mind.
You are dopey. (Int -2)
You are robust. (+10% HP)
You are covered in fur. (AC +1)


Message History

Mutiul Kom struggles to escape constriction.
FBHTFHTCG hits the rust devil with a +0 broad axe of speed!! x2
The rust devil dies!
Mutiul Kom gestures.
Mutiul Kom's surroundings become eerily quiet.
Aiming: Corrosive Bolt
Press: ? - help, Shift-Dir - straight line, f/p - Mutiul Kom
Aim: Mutiul Kom, armed with a flaming touch (silenced, lightly wounded, radiating silence, unaffected by silence, constricted by zombie hands, ally target, 100% to hit)
Out of range.
Okay, then.
The zombie hands constrict Mutiul Kom.
Your elder fireshock beast bursts into living lightning!
The living lightning hits Mutiul Kom.
Mutiul Kom resists.
Your elder fireshock beast blinks! x2
Mutiul Kom hits your elder fireshock beast!!!
Mutiul Kom burns your elder fireshock beast.
The zombie hands lose their grip on something.
Your elder fireshock beast breathes flames at Mutiul Kom.
The blast of flame hits Mutiul Kom!!!
Mutiul Kom resists.
An Orb Guardian comes into view.
Aiming: Borgnjor's Vile Clutch (mildly dangerous; 1% risk of failure)
Press: ? - help, Shift-Dir - straight line, f - Orb Guardian
Aim: an Orb Guardian (100% to hit)
Zombie hands grab the Orb Guardian.
The zombie hands constrict the Orb Guardian!
The zombie hands constrict the Orb Guardian!
The Orb Guardian struggles to escape constriction.
The zombie hands constrict the Orb Guardian!
The Orb Guardian struggles to escape constriction.
The zombie hands constrict the Orb Guardian!
The Orb Guardian struggles to escape constriction.
FBHTFHTCG hits the Orb Guardian with a +0 broad axe of speed!!
The Orb Guardian dies!
FBHTFHTCG is no longer moving quickly.
You see here a +0 ring mail.
Your elder fireshock beast resists with almost no effort.
You see here a +0 dagger.
Your elder fireshock beast resists with almost no effort.
There is a staircase leading out of the dungeon here.
You have escaped!

#......#...#...#.....#
#...#...#..#..#...#..##
#....#..#..#..#..#....#
######.....#..#.#.#..#..)..#
........#..H#.#.#.#.#...#..##
#####....##.)#.#.#.#..##....#
#.......##.#...#.##......#
##........#.....#........#
#..######..R@...######..#
#........#.:...#........#
#......##.#...#.##......#
#....##..#.#.#.#..##....#
#...#...#.#.#.#)#...#...#
#......#..#.#.#..#......#
#.....#..#..#..#..#.....#
#.#..#...#..#..#...#....#
#.......#...#.[.#......##


You could see the friendly FBHTFHTCG the knight (reflecting) and a friendly
elder fireshock beast (summoned, unsilenced).

Vanquished Creatures
  the Royal Jelly (Slime:5)
  A dread lich (Zot:5)
  An orb of fire (Zot:5)
  Mara (Elf:3)
  Sojobo (Vaults:2)
  2 Killer Klowns (Zot:1)
  Xtahua (Vaults:2)
  Margery (Vaults:2)
  4 golden dragons
  The ghost of Oggorak the Warrior, an adept AtAr of Uskayaw (Vaults:4)
  3 electric golems
  A lich (Depths:1)
  2 titans (Vaults:5)
  9 Orb Guardians
  5 quicksilver dragons
  A deep elf blademaster (Elf:3)
  A walking frostbound tome (Depths:2)
  2 deep elf master archers (Elf:3)
  The ghost of Eczaz the Spry, an adept DEHW of Sif Muna (Vaults:4)
  6 death cobs
  18 acid blobs
  3 sphinxes
  A shadow dragon (Zot:5)
  6 storm dragons
  5 tengu reavers
  5 draconian monks
  9 azure jellies
  4 rockslimes
  2 draconian knights
  An emperor scorpion (Spider:4)
  A fire giant (Vaults:5)
  3 deep elf sorcerers (Elf:3)
  3 frost giants
  5 draconian scorchers
  Aizul (Shoals:2)
  A juggernaut zombie (Depths:3)
  A ghost moth (Zot:5)
  5 vault wardens
  5 draconian shifters
  2 orc warlords
  3 draconian stormcallers
  4 ironbound preservers
  A balrug (D:6)
  9 quicksilver oozes
  A deep elf elementalist (Elf:3)
  5 very ugly things
  A broodmother (Spider:1)
  6 draconian annihilators
  4 ironbound thunderhulks
  8 stone giants
  2 war gargoyles
  11 green draconians
  9 black draconians
  2 deep elf annihilators (Elf:3)
  3 deep elf demonologists
  7 purple draconians
  2 spark wasps
  10 red draconians
  5 yellow draconians
  13 white draconians
  5 dire elephants
  3 minotaurs (Shoals:4)
  6 ettins
  2 deep elf death magi (Elf:3)
  4 merfolk impalers
  2 fire dragons
  A quicksilver dragon zombie (Depths:3)
  3 deep elf high priests
  Harold (D:9)
  A peacekeeper (Vaults:2)
  3 entropy weavers
  4 yaktaur captains
  Josephine (D:15)
  4 radroaches
  2 nameless horrors
  2 rakshasas
  7 great orbs of eyes
  3 ice dragons (Depths:2)
  A salamander tyrant (Depths:4)
  17 vault guards
  A hydra (D:14)
  2 ogre magi
  9 centaur warriors
  12 two-headed ogres
  9 death yaks
  7 ironbound frosthearts
  14 dancing weapons
  2 merfolk avatars
  An alligator snapping turtle (Shoals:4)
  2 merfolk aquamancers
  4 boulder beetles
  9 satyrs
  7 deep troll shamans
  The ghost of dracfodder the Destroyer, a novice DrCj of Vehumet (D:9)
  2 tengu warriors (D:15)
  3 deep troll earth magi
  10 hell knights
  Sonja (Lair:2)
  9 deep elf knights
  3 iron trolls
  5 skeletal warriors
  A sun demon (D:9)
  3 sea snakes
  3 sixfirhies (Gauntlet)
  23 deep trolls
  3 pharaoh ants
  A sun moth (Spider:2)
  8 steelbarb worms
  A glowing orange brain (Depths:1)
  A flayed ghost (Vaults:3)
  7 orb spiders
  A shadow demon (D:10)
  10 deep elf archers
  7 wizards
  A spriggan druid (Elf:2)
  22 harpies
  9 ironbound convokers
  7 lindwurms
  An orange crystal statue (Gauntlet)
  A phantasmal warrior (Vaults:2)
  17 deep elf zephyrmancers
  3 necromancers
  14 deep elf pyromancers
  A fire giant zombie (Depths:3)
  3 orc knights
  3 wolf spiders
  4 cyclopes
  15 fauns
  5 salamanders (Depths:4)
  6 ugly things
  46 slime creatures
  4 eyes of devastation
  13 manticores
  7 shining eyes
  6 merfolk sirens
  14 elephants
  5 black mambas
  14 moths of wrath
  2 rust devils
  7 water nymphs
  2 molten gargoyles (Lair:5)
  4 smoke demons
  An eye of devastation (shapeshifter) (Depths:2)
  3 gargoyles
  7 torpor snails
  4 cane toads
  10 vault sentinels
  2 demonic crawlers (Spider:4)
  An ice devil (Depths:2)
  13 komodo dragons
  A kobold demonologist (D:13)
  22 yaktaurs
  2 rime drakes
  A hellion (Zot:1)
  A tormentor (D:14)
  17 merfolk
  2 polar bears
  A queen bee (Gauntlet)
  7 trolls
  6 wind drakes
  Prince Ribbit (D:8)
  2 meliai (Spider:4)
  16 tarantellas
  4 hornets
  Grinder (D:4)
  31 blink frogs
  9 dream sheep
  15 jumping spiders
  5 large abominations (D:15)
  5 snapping turtles
  A vampire (D:11)
  Sigmund (D:2)
  2 air elementals
  A shadow (D:11)
  3 spriggans (Depths:1)
  7 wyverns
  18 culicivoras
  5 wraiths
  14 water elementals
  20 yaks
  Eustachio (D:6)
  8 humans (D:14)
  4 fire elementals
  16 golden eyes
  2 basilisks (Lair:5)
  3 steam dragons
  A basilisk (shapeshifter) (D:13)
  Grum (D:9)
  2 chaos spawn (D:9)
  37 redbacks
  7 vampire mosquitoes
  2 acid dragons
  3 wargs
  7 water moccasins
  Duvessa (D:4)
  3 hell hounds (Lair:5)
  A floating eye (Depths:1)
  3 ice beasts
  15 orc warriors
  2 black bears (D:8)
  15 ogres
  9 wolves
  7 centaurs
  A phantom (D:5)
  2 kobold brigands
  An elf zombie (Ossuary)
  A necrophage (D:5)
  3 gnoll sergeants
  4 scorpions
  7 bullfrogs
  A human skeleton (Vaults:4)
  8 wights
  Dowan (D:4)
  25 killer bees
  A howler monkey (D:8)
  4 electric eels
  5 lava snakes (Lair:5)
  6 human zombies (Ossuary)
  6 hounds
  7 small abominations (D:15)
  11 orc priests
  A jelly (D:7)
  Crazy Yiuf (D:4)
  6 iguanas
  19 orc wizards
  Terence (D:2)
  2 mummies (Ossuary)
  17 gnolls
  2 adders
  2 shadow imps
  A white imp (D:8)
  An ufetubus (D:5)
  A dart slug (D:2)
  61 orcs
  4 ball pythons (D:3)
  2 endoplasms (D:2)
  4 giant cockroaches
  3 goblins
  12 hobgoblins
  4 jackals (D:4)
  17 kobolds
  3 quokkas
  4 bats
  3 frilled lizards
  2 goblin zombies (Ossuary)
  9 hobgoblin zombies (Ossuary)
  9 kobold zombies (Ossuary)
  9 orc zombies (Ossuary)
  5 rats
  A rat zombie (Ossuary)
  A bush (Lair:3)
  A butterfly (Lair:1)
1436 creatures vanquished.

Vanquished Creatures (collateral kills)
  Dissolution (Slime:4)
  2 ancient liches
  2 orbs of fire (Zot:5)
  Saint Roka (Vaults:1)
  5 Killer Klowns
  2 curse toes
  8 golden dragons
  An electric golem (Zot:1)
  11 tentacled monstrosities
  Jorgrun (D:13)
  2 quicksilver dragons (Zot:1)
  A deep elf blademaster (Elf:3)
  18 Orb Guardians
  A titan (Vaults:5)
  A lich (Vaults:5)
  4 acid blobs
  6 sphinxes
  An Executioner (Depths:1)
  4 death cobs
  2 azure jellies
  4 tengu reavers
  6 shadow dragons
  4 fire giants
  5 storm dragons
  4 draconian monks
  9 draconian knights
  3 rockslimes
  3 frost giants
  A deep elf sorcerer (Vaults:5)
  3 draconian scorchers
  An emperor scorpion (Spider:4)
  2 ghost moths (Spider:4)
  3 spectral caustic shrikes (Depths:2)
  A caustic shrike zombie (Depths:3)
  3 draconian stormcallers
  11 vault wardens
  2 deep elf elementalists (Elf:3)
  2 draconian shifters
  2 draconian annihilators (Zot:1)
  A broodmother (Spider:2)
  15 ironbound preservers
  8 very ugly things
  4 stone giants
  2 quicksilver oozes
  3 war gargoyles (Vaults:5)
  An ironbound thunderhulk (Vaults:2)
  7 green draconians
  2 eleionomae (Shoals:3)
  9 purple draconians
  3 deep elf demonologists (Elf:3)
  11 dire elephants
  8 black draconians
  A minotaur (Gauntlet)
  4 yellow draconians
  3 deep elf annihilators
  A spark wasp (Spider:4)
  10 white draconians
  6 red draconians
  3 deep elf death magi (Elf:3)
  A merfolk javelineer (Shoals:2)
  5 ettins
  A crystal guardian (Vaults:3)
  A fire dragon (Depths:4)
  A deep elf high priest (Vaults:5)
  3 merfolk impalers
  26 vault guards
  4 ice dragons
  4 entropy weavers
  7 great orbs of eyes
  16 yaktaur captains
  A radroach (Spider:4)
  3 rakshasas
  2 hydras
  10 centaur warriors
  A merfolk aquamancer (Shoals:2)
  A peacekeeper (Vaults:3)
  5 ogre magi
  9 two-headed ogres
  Erica (Lair:2)
  4 deep troll shamans
  7 satyrs
  4 boulder beetles
  8 dancing weapons
  3 ironbound frosthearts (Vaults:4)
  An alligator snapping turtle (Shoals:2)
  5 death yaks
  A hell hog (D:14)
  3 deep troll earth magi
  2 spriggan berserkers
  Urug (D:13)
  5 tengu warriors
  13 hell knights
  2 sun demons (D:6)
  A shadow wraith (Vaults:5)
  2 iron trolls (Depths:3)
  A deep elf knight (Elf:3)
  A sun moth (Spider:4)
  4 pharaoh ants
  2 sea snakes
  28 deep trolls
  An orb spider (Spider:2)
  2 salamander mystics (Depths:4)
  An orb spider (shapeshifter) (Vaults:5)
  3 steelbarb worms
  3 deep elf archers
  A glowing orange brain (Vaults:4)
  2 skeletal warriors (D:14)
  4 wizards
  9 ironbound convokers
  Pikel (D:6)
  5 phantasmal warriors
  4 necromancers
  13 deep elf pyromancers
  An orc knight (Orc:2)
  3 deep elf zephyrmancers
  15 harpies
  2 oklob plants
  A shining eye (Slime:4)
  8 lindwurms
  3 wolf spiders
  An orc sorcerer (Orc:2)
  13 ugly things
  4 salamanders (Depths:4)
  6 elephants
  A faun (Shoals:3)
  4 cyclopes
  4 manticores
  A merfolk siren (Shoals:2)
  15 moths of wrath
  2 water nymphs (Shoals:3)
  A stone giant skeleton (Vaults:4)
  A black mamba (Lair:1)
  A rust devil (D:1)
  A smoke demon (Depths:2)
  A minotaur zombie (Gauntlet)
  2 torpor snails
  6 vault sentinels
  An elf zombie (Vaults:4)
  A komodo dragon (shapeshifter) (Vaults:5)
  A cane toad (Lair:5)
  An unseen horror (shapeshifter) (D:14)
  3 demonic crawlers
  A tormentor (Depths:2)
  An ice devil (D:14)
  22 yaktaurs
  2 komodo dragons
  2 efreet
  2 trolls
  A wind drake (Shoals:4)
  A polar bear (Lair:5)
  9 merfolk
  2 meliai (Spider:4)
  A hornet (Lair:2)
  27 slime creatures
  4 tarantellas
  7 blink frogs
  A dream sheep (Lair:3)
  5 snapping turtles
  7 jumping spiders
  4 culicivoras
  4 water elementals
  8 yaks
  3 wraiths
  2 fire bats (Depths:4)
  7 humans (D:14)
  4 golden eyes (Slime:5)
  2 basilisks (Lair:5)
  2 wyverns
  A vampire mosquito (D:15)
  2 steam dragons
  24 redbacks
  2 acid dragons
  A naga (shapeshifter) (Depths:2)
  4 water moccasins
  A glowing shapeshifter zombie (Vaults:4)
  A warg (Vaults:1)
  A hell hound (Lair:5)
  A floating eye (shapeshifter) (Vaults:5)
  14 nameless horrors
  A black bear (Lair:3)
  4 orc warriors
  5 ogres (Orc:2)
  3 centaurs
  4 wolves
  A kobold brigand (D:9)
  3 bullfrogs
  A gnoll sergeant (D:9)
  2 earth elementals
  A wight (D:8)
  3 killer bees
  2 howler monkeys (D:8)
  3 orc priests (Orc:2)
  6 orc wizards
  An iguana (D:7)
  2 gnolls
  19 orcs
  A giant cockroach (shapeshifter) (Vaults:5)
  4 kobolds (D:9)
  2 butterflies (Lair:1)
849 creatures vanquished.

Vanquished Creatures (others)
  A vault warden (Vaults:1)
  2 stone giants (Vaults:5)
  A yellow draconian (Zot:3)
  4 yaktaur captains
  5 yaktaurs
  A centaur (D:13)
  4 lemures (D:6)
  21 knights
  An ancestor (D:7)
  An orc (Vaults:1)
  A bush (Lair:3)
  8 demonic plants (D:9)
  55 fulminant prisms
  44 fungi
  112 plants
  2 withered plants (Zot:1)
263 creatures vanquished.

Grand Total: 2548 creatures vanquished

Notes
Turn   | Place    | Note
-------+----------+-------------------------------------------
     0 | D:1      | themarg the Draconian Conjurer began the quest for the Orb.
     0 | D:1      | Reached XP level 1. HP: 14/14 MP: 3/3
   272 | D:1      | Found a faded altar of an unknown god.
   306 | D:1      | Reached XP level 2. HP: 8/20 MP: 0/5
   309 | D:1      | Learned a level 2 spell: Searing Ray
   912 | D:2      | Reached XP level 3. HP: 26/26 MP: 0/6
  1425 | D:2      | Noticed Sigmund
  1438 | D:2      | Killed Sigmund
  1439 | D:2      | Reached XP level 4. HP: 21/33 MP: 0/10
  1439 | D:2      | Reached XP level 5. HP: 24/38 MP: 0/11
  1551 | D:2      | Reached skill level 5 in Conjurations
  1807 | D:2      | Noticed Terence
  2648 | D:3      | Found a large runed translucent door.
  2649 | D:3      | Found a large runed translucent door.
  2671 | D:3      | Found a blossoming altar of Fedhas.
  2675 | D:3      | Found a sparkling altar of Nemelex Xobeh.
  3290 | D:4      | Reached XP level 6. HP: 45/45 MP: 6/12
  3340 | D:4      | Found a sand-covered staircase.
  3349 | Ossuary  | Entered an ossuary
  3902 | Ossuary  | Reached skill level 5 in Spellcasting
  4066 | Ossuary  | Your scales start taking on a golden yellow colour.
  4066 | Ossuary  | Reached XP level 7. HP: 41/50 MP: 1/14
  4066 | Ossuary  | Gained mutation: You are resistant to acid. (rCorr) [Yellow
                  | Draconian growth]
  4539 | D:4      | Noticed Duvessa
  4547 | D:4      | Noticed Dowan
  4548 | D:4      | Killed Duvessa
  4552 | D:4      | Killed Dowan
  4566 | D:4      | Noticed Grinder
  4630 | D:4      | Killed Grinder
  4631 | D:4      | Reached XP level 8. HP: 39/57 MP: 2/15
  4724 | D:4      | Identified the +4 mace "Hoqootaf" {antimagic, rN+}
  4756 | D:4      | Found a staircase to the Ecumenical Temple.
  4770 | Temple   | Entered the Ecumenical Temple
  5028 | Temple   | Became a worshipper of Hepliaklqana the Forgotten
  5117 | D:4      | Found a runed translucent door.
  5118 | D:4      | Noticed Crazy Yiuf
  5123 | D:4      | Killed Crazy Yiuf
  5438 | D:5      | Entered Level 5 of the Dungeon
  5579 | D:5      | Reached skill level 1 in Translocations
  5579 | D:5      | Reached skill level 1 in Invocations
  5618 | D:5      | Reached skill level 1 in Shields
  5618 | D:5      | Reached skill level 1 in Hexes
  5699 | D:5      | Found Osiu's Armour Shop.
  5977 | D:5      | Found an opulent altar of Gozag.
  6135 | D:5      | Learned a level 4 spell: Fulminant Prism
  6140 | D:5      | Learned a level 4 spell: Iskenderun's Mystic Blast
  7343 | D:2      | Killed Terence
  7847 | D:6      | Reached XP level 9. HP: 20/62 MP: 1/16
  8012 | D:6      | Reached * piety under Hepliaklqana
  8059 | D:6      | Noticed Pikel
  8075 | D:6      | Killed Pikel
  8616 | D:6      | Noticed Eustachio
  8628 | D:6      | Killed Eustachio
  8629 | D:6      | Reached skill level 5 in Shields
  9286 | D:7      | Reached skill level 5 in Invocations
  9291 | D:7      | Reached skill level 10 in Conjurations
  9292 | D:7      | Reached skill level 1 in Fighting
  9781 | D:7      | Found Ankavejo's General Store.
  9785 | D:7      | Found Xyfasun's Specific Store.
  9805 | D:7      | Reached XP level 10. HP: 50/72 MP: 17/17
  9886 | D:7      | Bought a scroll of teleportation for 39 gold pieces
  9886 | D:7      | Bought a scroll of fog for 52 gold pieces
  9995 | D:7      | Reached ** piety under Hepliaklqana
  9996 | D:7      | Remembered your ancestor FBHTFHTCG as a knight
 10003 | D:7      | Reached skill level 5 in Fighting
 10106 | D:7      | Reached skill level 1 in Evocations
 10286 | D:7      | Identified the +0 fire dragon scales of Xoqam {+Inv rF++
                  | rC- Will+}
 10387 | D:8      | Noticed Prince Ribbit
 10387 | D:8      | Found a staircase to the Lair.
 10426 | D:8      | Killed Prince Ribbit
 11182 | D:8      | Found an ornate altar of the Wu Jian Council.
 11476 | D:8      | Identified 2 scrolls of acquirement
 11821 | D:9      | Noticed Grum
 11832 | D:9      | Killed Grum
 12094 | D:9      | Acquired the +2 pair of boots "Jesot" {Will+ Stlth+}
 12101 | D:9      | Acquired the ring of Reckehite {*Corrode rC++ rN+ Dex+5}
 12135 | D:9      | Reached XP level 11. HP: 69/79 MP: 7/20
 12279 | D:9      | Found Udasm's Distillery.
 12331 | D:9      | Noticed a sun demon
 12347 | D:9      | Killed a sun demon
 12583 | D:9      | Noticed Harold
 12602 | D:9      | Killed Harold
 12888 | D:9      | Found a runed translucent door.
 12888 | D:9      | Found a shimmering altar of Xom.
 12888 | D:9      | Noticed dracfodder's ghost (novice DrCj)
 12890 | D:9      | Noticed a +2 mace of chaos
 13024 | D:9      | Found a hide-covered altar of Uskayaw.
 13034 | D:9      | Reached skill level 5 in Dodging
 13041 | D:9      | Reached skill level 5 in Evocations
 13306 | D:9      | Found a snail-covered altar of Cheibriados.
 13306 | D:9      | Found a broken altar of Ashenzari.
 13312 | D:9      | Found an ancient bone altar of Kikubaaqudgha.
 13314 | D:9      | Found a radiant altar of Vehumet.
 13316 | D:9      | Found a faded altar of an unknown god.
 13532 | D:10     | Entered Level 10 of the Dungeon
 13894 | D:10     | Reached skill level 1 in Air Magic
 14021 | D:10     | Reached *** piety under Hepliaklqana
 14078 | D:10     | Identified the +0 ring mail of Impermeability {rF+ Will+
                  | Dex+5}
 14429 | D:11     | Acquired the ring "Buqeoxt" {rPois Int+6 Dex+2 Stlth-}
 14675 | D:11     | Noticed a two-headed ogre
 14680 | D:11     | Killed a two-headed ogre
 14889 | D:11     | Found a glowing golden altar of the Shining One.
 15224 | D:5      | Bought a +0 pair of gloves for 67 gold pieces
 15316 | D:9      | Bought a potion of curing for 51 gold pieces
 15316 | D:9      | Bought a potion of curing for 51 gold pieces
 15316 | D:9      | Bought a potion of ambrosia for 136 gold pieces
 15316 | D:9      | Bought a potion of resistance for 170 gold pieces
 15372 | Lair:1   | Entered Level 1 of the Lair of Beasts
 15499 | Lair:1   | Reached XP level 12. HP: 87/92 MP: 1/22
 15524 | Lair:1   | Reached **** piety under Hepliaklqana
 15792 | Lair:1   | Reached skill level 5 in Air Magic
 15798 | Lair:1   | Learned a level 5 spell: Arcjolt
 15975 | Lair:1   | Reached skill level 10 in Invocations
 16941 | Lair:2   | You fall into a shaft and drop 1 floor!
 16944 | Lair:3   | Found a hole to the Spider Nest.
 17001 | Lair:3   | Noticed a boulder beetle
 17115 | Lair:3   | Reached ***** piety under Hepliaklqana
 17133 | Lair:3   | Reached skill level 10 in Fighting
 17453 | Lair:3   | Reached skill level 10 in Spellcasting
 17511 | Lair:3   | Reached XP level 13. HP: 98/101 MP: 12/27
 18187 | Lair:2   | Noticed Sonja
 18191 | Lair:2   | Killed Sonja
 18249 | Lair:2   | Noticed Erica
 18255 | Lair:2   | Killed Erica
 18519 | Lair:3   | Found a staircase to the Shoals.
 19160 | Lair:4   | Reached skill level 1 in Ice Magic
 19212 | Lair:4   | Found a runed translucent door.
 19213 | Lair:4   | Identified the +7 trident "Orb Guardian's Death" {speed,
                  | rElec}
 19336 | Lair:4   | Found a gate leading to a gauntlet.
 19344 | Gauntlet | Entered a Gauntlet
 19344 | Gauntlet | Found a transporter.
 19344 | Gauntlet | Found a transporter.
 19379 | Gauntlet | Found a transporter.
 19397 | Gauntlet | Found a transporter.
 19397 | Gauntlet | Found a transporter.
 19399 | Gauntlet | Found a transporter.
 19399 | Gauntlet | Found a transporter.
 19401 | Gauntlet | Found a transporter.
 19412 | Gauntlet | Found a transporter.
 19425 | Gauntlet | Found a transporter.
 19435 | Gauntlet | Noticed a dire elephant
 19438 | Gauntlet | Found a transporter.
 19452 | Gauntlet | Found a transporter.
 19486 | Gauntlet | Found a transporter.
 19498 | Gauntlet | Found a transporter.
 19594 | Gauntlet | Learned a level 5 spell: Freezing Cloud
 19975 | Gauntlet | Reached skill level 1 in Throwing
 19982 | Gauntlet | Identified the ring "Puiroll" {Fly Str+3}
 20163 | Gauntlet | Noticed a minotaur
 20182 | Gauntlet | Killed a minotaur
 20554 | Lair:4   | Noticed snackwell's ghost (journeyman DjRe)
 20943 | Lair:5   | Entered Level 5 of the Lair of Beasts
 21536 | Lair:4   | Gained mutation: You have acidic saliva. [Yellow Draconian
                  | growth]
 21536 | Lair:4   | Reached XP level 14. HP: 54/108 MP: 0/28
 21540 | Lair:4   | Reached skill level 5 in Ice Magic
 22403 | Lair:5   | Got the Octavo of Panentheism
 22416 | Lair:5   | Reached skill level 5 in Throwing
 23035 | Lair:5   | Found a large runed translucent door.
 23036 | Lair:5   | Found a large runed translucent door.
 23616 | Lair:5   | Found a viscous altar of Jiyva.
 23617 | Lair:5   | Found a staircase to the Slime Pits.
 24076 | Lair:5   | Upgraded the game from 0.30-a0-534-gdc55766716 to
                  | 0.30-a0-540-g0af01429fa
 24257 | D:7      | Bought a potion of magic for 104 gold pieces
 24353 | D:9      | Killed dracfodder's ghost
 24486 | D:12     | Found Pebrout's Distillery.
 24494 | D:12     | Bought a potion of heal wounds for 75 gold pieces
 24540 | D:12     | Found a staircase to the Orcish Mines.
 25625 | Orc:1    | Entered Level 1 of the Orcish Mines
 25648 | Orc:1    | Noticed an orc warlord
 25662 | Orc:1    | Killed an orc warlord
 25951 | Orc:2    | Entered Level 2 of the Orcish Mines
 26648 | Orc:2    | Reached XP level 15. HP: 58/113 MP: 5/30
 26897 | Orc:2    | Reached skill level 10 in Evocations
 27244 | Orc:2    | Found a staircase to the Elven Halls.
 27350 | Orc:2    | Found Empicirgh's Distillery.
 27350 | Orc:2    | Found Deseru's Assorted Antiques.
 27350 | Orc:2    | Found Wuyxefo's General Store.
 27350 | Orc:2    | Found Cooqacet's Antique Armour Shop.
 27416 | Orc:2    | Bought a potion of cancellation for 88 gold pieces
 27421 | Orc:2    | Bought a potion of cancellation for 88 gold pieces
 27421 | Orc:2    | Bought a potion of heal wounds for 55 gold pieces
 27421 | Orc:2    | Bought a potion of haste for 110 gold pieces
 27424 | Orc:2    | Bought a potion of heal wounds for 70 gold pieces
 27529 | D:12     | Bought 2 potions of brilliance for 120 gold pieces
 27529 | D:12     | Bought a potion of berserk rage for 75 gold pieces
 27531 | D:13     | Noticed Jorgrun
 27531 | D:13     | Noticed Urug
 27536 | D:13     | Killed Urug
 27768 | D:13     | Killed Jorgrun
 28107 | D:13     | Reached skill level 10 in Shields
 28697 | D:14     | Found a gate to the Vaults.
 29183 | D:14     | Reached ****** piety under Hepliaklqana
 29673 | D:14     | Noticed a tengu reaver
 29684 | D:14     | Killed a tengu reaver
 29844 | D:14     | Got the Guidebook on Command and Displacement
 30423 | D:15     | Entered Level 15 of the Dungeon
 30931 | D:15     | Found a staircase to the Depths.
 30945 | D:15     | Reached XP level 16. HP: 117/120 MP: 26/32
 32185 | D:15     | Noticed Josephine
 32190 | D:15     | Killed Josephine
 32750 | Shoals:1 | Entered Level 1 of the Shoals
 33119 | Shoals:1 | Noticed oldriver's ghost (adept NaAr)
 33187 | Shoals:1 | Identified the ring "Gylow" {Wiz rElec Will+ Str+3 Stlth+}
 33214 | Shoals:1 | Got Ebraw's Atlas of Shapeshifting
 33223 | Shoals:1 | Identified the +0 falchion of the Eel {flame, rC- Int+8
                  | Stlth-}
 33357 | Shoals:1 | Found a transporter.
 33363 | Shoals:1 | Found a transporter.
 33864 | Shoals:1 | Reached skill level 15 in Invocations
 34173 | Shoals:1 | Found Xoinn's General Store.
 34205 | Shoals:1 | Bought a scroll of identify for 24 gold pieces
 34837 | Shoals:2 | Reached skill level 5 in Translocations
 35385 | Shoals:2 | Reached XP level 17. HP: 131/131 MP: 32/34
 35415 | Shoals:2 | Identified the ring "Gozisola" {rCorr EV+4}
 35424 | Shoals:2 | Noticed Aizul
 35432 | Shoals:2 | Killed Aizul
 35659 | Shoals:2 | Identified the +8 rapier of Lasaddu {drain, rN+ Int+3}
 35787 | Shoals:2 | You are sucked into a shaft and drop 1 floor!
 35988 | Shoals:3 | Identified the ring of the Ancients {Ice Dex+4 Stlth+}
 36778 | Shoals:2 | Reached XP level 18. HP: 138/138 MP: 21/35
 36779 | Shoals:2 | Reached skill level 1 in Transmutations
 37394 | Shoals:3 | Learned a level 2 spell: Blink
 37401 | Shoals:3 | Learned a level 6 spell: Iron Shot
 37558 | Shoals:4 | Entered Level 4 of the Shoals
 37743 | Shoals:4 | Reached skill level 1 in Summonings
 37781 | Shoals:4 | Reached skill level 1 in Earth Magic
 37861 | Shoals:4 | Identified the +9 battleaxe of the Irksome God {venom,
                  | rElec rF+ rC+ Str+4}
 38598 | Shoals:4 | Identified the +0 pair of boots of the Good {rPois Str-4
                  | Int-3 Dex+9}
 38676 | Shoals:4 | Reached skill level 5 in Summonings
 39023 | Shoals:4 | Got a barnacled rune of Zot
 39165 | Shoals:4 | Identified the +0 leather armour "Dewu" {Contam rPois Str+3
                  | Dex+4}
 39702 | Spider:1 | Entered Level 1 of the Spider Nest
 39904 | Spider:1 | Identified the +10 ring mail of Plasticity {rElec rN+
                  | Will++ Dex-2}
 40608 | Spider:1 | Acquired the ring "Xyphoybu" {rElec rF+ Str-5 Dex+2 Stlth+}
 40636 | Spider:1 | Reached skill level 5 in Earth Magic
 43456 | Spider:3 | Learned a level 7 spell: Spellforged Servitor
 44145 | Spider:4 | Entered Level 4 of the Spider Nest
 44271 | Spider:4 | Reached XP level 19. HP: 144/144 MP: 28/37
 44545 | Spider:4 | Reached skill level 15 in Spellcasting
 46986 | Spider:4 | Identified the +2 pair of gloves of Ignis's Scorn {Harm
                  | Drain Will+++ Slay-4}
 46998 | Spider:4 | Got a gossamer rune of Zot
 47792 | D:9      | Bought a potion of haste for 170 gold pieces
 47792 | D:9      | Bought 2 potions of resistance for 340 gold pieces
 47855 | D:12     | Bought a potion of curing for 45 gold pieces
 47855 | D:12     | Bought a potion of curing for 45 gold pieces
 47855 | D:12     | Bought a potion of haste for 150 gold pieces
 47855 | D:12     | Bought a potion of haste for 150 gold pieces
 47941 | Elf:1    | Entered Level 1 of the Elven Halls
 48267 | Elf:1    | Reached skill level 10 in Summonings
 50150 | Elf:1    | Found Kiufatiss's Antique Armour Emporium.
 50206 | Elf:2    | Found a crumbling gateway.
 51136 | Elf:2    | Learned a level 5 spell: Yara's Violent Unravelling
 51565 | Elf:2    | Found a runed translucent gate.
 51566 | Elf:2    | Found a runed translucent gate.
 51566 | Elf:2    | Found a runed translucent gate.
 51720 | Vaults:1 | Entered Level 1 of the Vaults
 51731 | Vaults:1 | Reached skill level 15 in Conjurations
 51976 | Vaults:1 | Reached skill level 5 in Hexes
 52399 | Vaults:1 | Reached XP level 20. HP: 151/151 MP: 14/39
 52691 | Vaults:1 | Noticed Saint Roka
 52700 | Vaults:1 | Killed Saint Roka
 54283 | Vaults:1 | Identified the amulet "Roapyxav" {RegenMP Fly rElec Will-
                  | Int+6}
 54345 | Vaults:1 | Learned a level 5 spell: Fireball
 54375 | Vaults:1 | Reached skill level 1 in Fire Magic
 54386 | Vaults:1 | Identified the +2 dagger "Tutseq" {speed, rC+ Str+3}
 54639 | Vaults:2 | Noticed Sojobo
 54674 | Vaults:2 | Reached skill level 2 in Fire Magic
 54792 | Vaults:2 | Found a portal to a secret trove of treasure.
 54919 | Vaults:2 | Reached skill level 3 in Fire Magic
 54953 | Vaults:2 | Noticed Xtahua
 54960 | Vaults:2 | Killed Xtahua
 55030 | Vaults:2 | Reached skill level 4 in Fire Magic
 55264 | Vaults:2 | Noticed Margery
 55274 | Vaults:2 | Killed Margery
 55289 | Vaults:2 | Reached skill level 5 in Fire Magic
 56792 | Vaults:2 | Killed Sojobo
 56957 | Vaults:3 | Learned a level 6 spell: Starburst
 57371 | Vaults:3 | Reached XP level 21. HP: 150/162 MP: 28/40
 57869 | Vaults:3 | Reached skill level 15 in Fighting
 58311 | Vaults:3 | Reached skill level 15 in Evocations
 58397 | Vaults:3 | Reached skill level 6 in Fire Magic
 58491 | Vaults:3 | Reached skill level 7 in Fire Magic
 58742 | Vaults:3 | Reached skill level 8 in Fire Magic
 59255 | Vaults:3 | Found a staircase to the Crypt.
 59255 | Vaults:3 | Found a basalt altar of Yredelemnul.
 59256 | Vaults:3 | Found an ancient bone altar of Kikubaaqudgha.
 59449 | Vaults:4 | Found a large runed translucent door.
 59449 | Vaults:4 | Found a large runed translucent door.
 59449 | Vaults:4 | Noticed Oggorak's ghost (adept AtAr)
 59449 | Vaults:4 | Noticed Eczaz's ghost (adept DEHW)
 59719 | Vaults:4 | Found Ytwoaf's General Store.
 60225 | Vaults:4 | Reached skill level 9 in Fire Magic
 61130 | Vaults:4 | Killed Eczaz's ghost
 61134 | Vaults:4 | Killed Oggorak's ghost
 61135 | Vaults:4 | Reached skill level 10 in Fire Magic
 61495 | Depths:1 | Entered Level 1 of the Depths
 61689 | Depths:1 | Reached XP level 22. HP: 172/172 MP: 15/41
 61779 | Depths:1 | Found a one-way gateway to a ziggurat.
 61937 | Depths:1 | Reached skill level 11 in Fire Magic
 62170 | Depths:1 | Found a runed translucent door.
 62465 | Depths:1 | Found a gateway to Hell.
 63297 | Depths:2 | Found a one-way gate leading to the halls of Pandemonium.
 63343 | Depths:2 | Reached skill level 12 in Fire Magic
 64406 | Depths:2 | Upgraded the game from 0.30-a0-540-g0af01429fa to
                  | 0.30-a0-553-g7fabdf1491
 64440 | Depths:3 | Reached skill level 13 in Fire Magic
 65008 | Depths:3 | Found Duesieth's Armour Shop.
 65012 | Depths:3 | Found Sazuitot's Armour Boutique.
 65013 | Depths:3 | Found Kabi Moi's Magic Scroll Shop.
 65020 | Depths:3 | Bought a scroll of teleportation for 39 gold pieces
 65020 | Depths:3 | Bought a scroll of teleportation for 39 gold pieces
 65447 | Depths:3 | Found a one-way gate to the infinite horrors of the Abyss.
 65979 | Elf:3    | Entered Level 3 of the Elven Halls
 66678 | Elf:3    | Reached skill level 14 in Fire Magic
 66788 | Elf:3    | Noticed Mara
 66794 | Elf:3    | Noticed themarg's illusion
 66799 | Elf:3    | Killed Mara
 66999 | Elf:3    | Identified the +6 glaive "Murmur" {drain, rN+ Int+6 Stlth-}
 67005 | Elf:3    | Identified the +8 great sword of Soicsejo {vorpal, rC++
                  | rN+}
 67099 | Elf:3    | Identified the +7 dagger of a wizard's laboratory {holy,
                  | rPois Stlth+}
 67108 | Elf:3    | Identified the +5 flail "Alaruylo" {chaos, rN+ Will- Int+2}
 67114 | Elf:3    | Reached skill level 15 in Fire Magic
 67541 | Elf:3    | Got the Compendium of the Altered Blaze
 67847 | Elf:3    | Learned a level 8 spell: Ignition
 68096 | Vaults:4 | Upgraded the game from 0.30-a0-553-g7fabdf1491 to
                  | 0.30-a0-568-g124715a40b
 68115 | Vaults:4 | Learned a level 5 spell: Borgnjor's Vile Clutch
 68127 | Vaults:5 | Entered Level 5 of the Vaults
 68215 | Vaults:5 | Reached XP level 23. HP: 179/179 MP: 40/44
 68341 | Vaults:5 | Reached skill level 16 in Fire Magic
 68597 | Vaults:5 | Reached skill level 1 in Necromancy
 68934 | Vaults:5 | Reached skill level 17 in Fire Magic
 69270 | Vaults:5 | Identified the +12 flail "Zyod" {freeze, Drain rPois rF+}
 69281 | Vaults:5 | Reached skill level 5 in Necromancy
 69845 | Vaults:5 | Identified the +0 battleaxe of the Holding Seeker {holy,
                  | Dex+7}
 70406 | Vaults:5 | Identified the +12 spear of the Orcish Mines {heavy, Str+3
                  | Int+3 Dex-5 Stlth+}
 70425 | Vaults:5 | Got the Omnibus of Pyromania
 70428 | Vaults:5 | Got the Spellbook of the Vexing Wayfarer
 70701 | Vaults:5 | Identified the +5 short sword of Tougriu {heavy, rC+++
                  | Dex+5}
 70719 | Vaults:5 | Got Sif Muna's Grimoire of Striking and Embers
 71536 | Vaults:5 | Noticed an ancient lich
 71543 | Vaults:5 | Killed an ancient lich
 71739 | Vaults:5 | Got a silver rune of Zot
 71859 | Vaults:5 | Got Sif Muna's Spellbook of Cursed Poisoning
 74108 | Depths:4 | Entered Level 4 of the Depths
 74135 | Depths:4 | Reached skill level 18 in Fire Magic
 74729 | Depths:4 | Found Ewnyk's Assorted Antiques.
 74732 | Depths:4 | Found Uhusogo's Magic Scroll Emporium.
 74732 | Depths:4 | Found Vuec's General Store.
 74737 | Depths:4 | Found Weqosuer's Distillery.
 74752 | Depths:4 | Bought a potion of resistance for 150 gold pieces
 74752 | Depths:4 | Bought a potion of brilliance for 60 gold pieces
 74752 | Depths:4 | Bought a potion of magic for 120 gold pieces
 75417 | Depths:4 | Reached XP level 24. HP: 176/185 MP: 5/45
 76050 | Depths:4 | Found a gate to the Realm of Zot.
 76665 | Depths:4 | Bought a potion of curing for 57 gold pieces
 76665 | Depths:4 | Bought a potion of curing for 57 gold pieces
 76668 | Depths:4 | Bought 2 potions of cancellation for 240 gold pieces
 76668 | Depths:4 | Bought a potion of ambrosia for 120 gold pieces
 76671 | Depths:4 | Bought a scroll of amnesia for 76 gold pieces
 76674 | Depths:4 | Bought a potion of curing for 96 gold pieces
 76674 | Depths:4 | Bought a scroll of teleportation for 96 gold pieces
 76721 | Zot:1    | Entered Level 1 of the Realm of Zot
 77118 | Slime:1  | Entered Level 1 of the Pits of Slime
 77324 | Slime:2  | Gained mutation: You are vulnerable to cold. (rC-) [a
                  | shining eye]
 78350 | Zot:1    | Noticed a Killer Klown
 78351 | Zot:1    | Noticed a Killer Klown
 78352 | Zot:1    | Noticed a Killer Klown
 78354 | Zot:1    | Noticed a Killer Klown
 78358 | Zot:1    | Killed a Killer Klown
 78358 | Zot:1    | Killed a Killer Klown
 78358 | Zot:1    | Killed a Killer Klown
 78359 | Zot:1    | Noticed a Killer Klown
 78545 | Zot:1    | Killed a Killer Klown
 79083 | Slime:1  | Found a viscous altar of Jiyva.
 79178 | Slime:1  | Gained mutation: You are dopey. (Int -2) [a shining eye]
 81453 | Slime:4  | Noticed Dissolution
 81461 | Slime:4  | Killed Dissolution
 81677 | Slime:4  | Gained mutation: Your spells are a little easier to cast,
                  | but a little less powerful. [a shining eye]
 82311 | Slime:5  | Entered Level 5 of the Pits of Slime
 82313 | Slime:5  | Gained mutation: You do not regenerate when monsters are
                  | visible. [a shining eye]
 82374 | Slime:4  | Lost mutation: You are dopey. (Int -2) [potion of mutation]
 82374 | Slime:4  | Lost mutation: You do not regenerate when monsters are
                  | visible. [potion of mutation]
 82374 | Slime:4  | Lost mutation: Your spells are a little easier to cast, but
                  | a little less powerful. [potion of mutation]
 82374 | Slime:4  | Gained mutation: You have an increased reservoir of magic.
                  | (+10% MP) [potion of mutation]
 82374 | Slime:4  | Gained mutation: You are weak. (Str -2) [potion of
                  | mutation]
 82748 | Slime:5  | Found a viscous altar of Jiyva.
 82749 | Slime:5  | Noticed the Royal Jelly
 82772 | Slime:5  | Killed the Royal Jelly
 82814 | Slime:5  | Reached skill level 15 in Shields
 83182 | Slime:5  | Identified the ring of Ricounod {rCorr SInv}
 83186 | Slime:5  | Found the amulet of the Four Winds {rN+ Will+++ Clar}
 83204 | Slime:5  | Got a slimy rune of Zot
 83205 | Slime:5  | Identified the +9 shortbow of Slow Death {freeze, rPois}
 83252 | Slime:5  | Identified the ring of Attitude {rElec rPois rN+ Str+7
                  | Stlth-}
 83940 | Zot:1    | Killed a Killer Klown
 84459 | Zot:1    | Reached XP level 25. HP: 80/191 MP: 4/49
 84501 | Depths:4 | Learned a level 2 spell: Sublimation of Blood
 84691 | Depths:4 | Upgraded the game from 0.30-a0-568-g124715a40b to
                  | 0.30-a0-571-gdf30a72648
 84880 | Zot:1    | Noticed an ancient lich
 84888 | Zot:1    | Killed an ancient lich
 85321 | Zot:1    | Reached skill level 10 in Dodging
 85934 | Zot:1    | Found a runed translucent door.
 85935 | Zot:1    | Noticed Vyqe's ghost (master MfIE)
 88016 | Zot:2    | Identified the +3 scale mail of Facloeng {Harm Str+4 Int+3}
 89183 | Zot:3    | Reached skill level 19 in Fire Magic
 91447 | Zot:4    | Reached XP level 26. HP: 203/203 MP: 34/50
 92162 | Zot:4    | HP: 8/203 [white draconian/blast of cold[a green draconian
                  | monk] (60)]
 92693 | Zot:5    | Entered Level 5 of the Realm of Zot
 92874 | Zot:5    | Reached skill level 10 in Necromancy
 93729 | Zot:5    | Gained mutation: You occasionally lose the ability to drink
                  | potions when taking damage. [mutagenic glow]
 93748 | Zot:5    | Lost mutation: You have an increased reservoir of magic.
                  | (+10% MP) [mutagenic glow]
 93818 | Zot:5    | Lost mutation: You occasionally lose the ability to drink
                  | potions when taking damage. [potion of mutation]
 93818 | Zot:5    | Lost mutation: You are weak. (Str -2) [potion of mutation]
 93818 | Zot:5    | Lost mutation: You are vulnerable to cold. (rC-) [potion of
                  | mutation]
 93818 | Zot:5    | Gained mutation: Your spells are a little easier to cast,
                  | but a little less powerful. [potion of mutation]
 93819 | Zot:5    | Lost mutation: Your spells are a little easier to cast, but
                  | a little less powerful. [potion of mutation]
 93819 | Zot:5    | Gained mutation: You have sharp toenails. [potion of
                  | mutation]
 93819 | Zot:5    | Gained mutation: You are covered in fur. (AC +1) [potion of
                  | mutation]
 93819 | Zot:5    | Gained mutation: You are robust. (+10% HP) [potion of
                  | mutation]
 93819 | Zot:5    | Gained mutation: You possess an exceptional clarity of
                  | mind. [potion of mutation]
 93970 | Zot:5    | Noticed a dread lich
 93984 | Zot:5    | Killed a dread lich
 94127 | Zot:5    | Noticed an orb of fire
 94128 | Zot:5    | Noticed an orb of fire
 94148 | Zot:5    | Gained mutation: You are dopey. (Int -2) [an orb of fire]
 94150 | Zot:5    | Killed an orb of fire
 94798 | Zot:5    | Reached skill level 20 in Fire Magic
 95004 | Zot:5    | Killed an orb of fire
 95124 | Zot:5    | Learned a level 1 spell: Apportation
 96271 | Zot:5    | Noticed an orb of fire
 96278 | Zot:5    | Killed an orb of fire
 96471 | Zot:5    | Got the Orb of Zot
 96603 | Zot:3    | Noticed Oce Tir the pandemonium lord
 96830 | D:10     | Reached skill level 10 in Earth Magic
 97018 | D:1      | Noticed Mutiul Kom the pandemonium lord
 97065 | D:$      | Escaped with the Orb!

Illustrated notes

Levels and vault maps discovered:
D:1:      minmay_arrival_radiant_lines, layout_loops_ring,
          hellmonk_ecumenical_altar_pennies_from_heaven
D:2:      layout_loops_corners, uniq_terence, uniq_sigmund
D:3:      layout_basic, jmf_multi_god_temple2, serial_bayou_pond_b,
          minmay_misc_feat_enclosed
D:4:      layout_loops_ring, temple_fountains, nicolae_ossuary_entry_ruins,
          uniq_grinder, uniq_crazy_yiuf_cottage, uniq_duvessa
D:5:      layout_rooms, serial_shops, shop, minmay_ruined_shrine
D:6:      layout_cave_pods, lemuel_flamethrower_2, uniq_eustachio, uniq_pikel
D:7:      layout_rooms, kennysheep_flooded_box, nicolae_specific_store,
          minmay_manual_monolith
D:8:      layout_rooms, nzn_wu_jian_contemplation, david_lair_generic,
          grunt_tough_drop, uniq_prince_ribbit1
D:9:      layout_loops_ring, nicolae_uskayaw_dance_studio,
          chequers_temple_overflow_minitemple, ebering_ghost_xom,
          serial_demonic, serial_demonic_e, serial_demonic_e, serial_demonic_g,
          serial_demonic_b, serial_shops, shop, grunt_ministairs_6, uniq_grum,
          uniq_harold
D:10:     layout_cave_pods
D:11:     layout_rooms, minivault_26, tso_oasis_becter
D:12:     layout_loops_ring, david_orc_2, serial_shops, shop_statue,
          serial_bayou, serial_bayou_pond_c, serial_bayou_shore_b,
          serial_bayou_shore_b, serial_bayou_crossing
D:13:     layout_long_grid, uniq_jorgrun, uniq_urug
D:14:     layout_irregular_city, david_vaults_3, infiniplex_staircase_pool_2,
          minmay_checkered_concentric_circles
D:15:     hangedman_depths_entry_civil_slaughter, layout_cave_pools,
          serial_rivers, chequers_serial_rivers_room_a,
          chequers_serial_rivers_room_b, chequers_serial_rivers_large_b,
          chequers_serial_rivers_small_a, laboratory, uniq_josephine
Temple:   eino_temple_water
Lair:1:   layout_gridlike, lemuel_fruit_tree, grunt_megastairs_2,
          lemuel_fruit_fields
Lair:2:   layout_hall_layers, serial_bayou_shore_b, uniq_erica, uniq_sonja
Lair:3:   layout_regular_city, elwin_shoals_entry_rocks,
          hellmonk_spider_entry_life_and_decay, minmay_lair_oklob_bushes,
          beast_lair_carwin_6
Lair:4:   layout_loops_ring, ebering_ghost_funeral_grove, gauntlet_entry_generic
Lair:5:   cheibrodos_lair_end_hotspot, layout_hall_layers,
          dpeg_slime_entry_enclosed, st_stairs_6
Shoals:1: layout_shoals, ebering_ghost_davey_jones, serial_shops, shop
Shoals:2: layout_shoals, uniq_aizul
Shoals:3: layout_shoals, nicolae_shoals_enchanted_isle
Shoals:4: shoals_end_hellmonk_lost_city
Spider:1: layout_spider_delve
Spider:2: layout_spider_delve
Spider:3: layout_spider_delve
Spider:4: hellmonk_spider_rune_bug_friends
Slime:1:  layout_caves, special_room [special_room_jelly], basic_altar
Slime:2:  layout_caves
Slime:3:  cheibrodos_slime_lost_civilization_1, layout_caves
Slime:4:  layout_caves, cheibrodos_slime_lost_civilization_7, uniq_dissolution
Slime:5
Orc:1:    layout_caves, basic_altar
Orc:2:    st_orc_ogre_mass, layout_caves
Elf:1:    eino_elf_arrival_shootout, layout_geoelf_grid, serial_shops, shop,
          hangedman_elven_crosses_minicolossus, dk_noncrumbling_2
Elf:2:    nicolae_elf_blades_crystal_corner, layout_loops_corners,
          portal_desolation_entry_nicolae_menacing_earthworks,
          kilobyte_rumbling_trees
Elf:3:    elf_hall_gauntlet_wide, layout_geoelf_castle,
          dreamdust_mushroom_princess, uniq_mara
Vaults:1: v_alt_pattern_3, ontoclasm_vaults_eye,
          vaults_mumra_minichess_inversion, st_spiral_rooms,
          nicolae_vaults_stairing_the_circle, nicolae_vaults_three_branches,
          nicolae_vaults_little_ls, v_misc_2, vaults_room_boxed,
          hangedman_vaults_stretched_pinwheel, nicolae_vaults_hallways_thing,
          vaults_room_hallway, vaults_dpeg_diagonal,
          ontoclasm_vaults_claustrophobia, ontoclasm_vaults_loading_screen,
          layout_vaults_maze_snakey, uniq_saint_roka
Vaults:2: v_alt_pattern_5, nicolae_vaults_little_squares_2,
          vaults_room_grunt_arrival_checkpoint, st_cross, nicolae_vaults_theta,
          vaults_room_hallway, ontoclasm_vaults_shuriken,
          nicolae_vaults_border_crossing, layout_vaults_quadrants,
          enter_trove_2, uniq_xtahua, uniq_margery, uniq_sojobo
Vaults:3: v_misc_1, v_pattern_4, hangedman_vaults_hat, hangedman_vaults_stream,
          minmay_crypt_entry_necro_gods, v_misc_8, vaults_room_hallway,
          vaults_room_fours, ontoclasm_vaults_fault, nicolae_vaults_asterisk,
          vaults_room_guarded_vault, ontoclasm_vaults_decontamination,
          layout_vaults_ring
Vaults:4: advil_vaults_ghost_guards, vaults_mumra_chevron, vaults_mumra_hex,
          vaults_dpeg_spiral, hangedman_vaults_capsules,
          ontoclasm_vaults_hangar, nicolae_vaults_mini_display_case,
          vaults_mumra_hexcomb, v_misc_14, vaults_room_grid,
          grunt_vaults_funnel, layout_vaults_big_room, serial_shops,
          nicolae_diamond_shop
Vaults:5: serial_shops
Depths:1: layout_twisted_cross, enter_ziggurat_a, minmay_misc_feat_chi,
          hell_entry, amcnicky_mini_pool_small, st_stairs_6,
          lightli_gold_pyramid
Depths:2: minmay_bloctagon, layout_gridlike, pf_hell_entry_tar_river,
          rand_demon_pan_entry_9, minmay_misc_feat_tiny
Depths:3: lemuel_troll_bridge, layout_long_grid, abyss_entry_glasseish,
          hell_entry, minmay_shop_star
Depths:4: grunt_zot_entry_bicorn, layout_basic, hell_entry, pan_entry,
          minmay_shoptagon
Zot:1:    ebering_greatest_show_in_zot, layout_gridville, gammafunk_ghost_grave
Zot:2:    layout_onion_interference, grunt_megastairs_3
Zot:3:    layout_gridlike, grunt_ministairs_10, grunt_megastairs_4
Zot:4:    layout_gridlike, skrybe_zot_glass_1
Zot:5:    layout_concentric_octagons

Skill      XL: |  1  2  3  4  5  6  7  8  9 10 11 12 13 14 15 16 17 18 19 20 21 22 23 24 25 26 |
---------------+-------------------------------------------------------------------------------+-----
Stealth        | 2 3 |  3.0
Spellcasting   | 4 5 6 7 10 11 12 13 14 15 17 18 19 | 19.2
Conjurations   | 5 6 8 9 10 11 12 13 15 | 15.0
Translocations | 2 3 5 |  5.0
Invocations    | 3 5 6 9 10 11 12 14 15 17 | 17.0
Shields        | 3 5 7 9 10 11 15 | 15.0
Hexes          | 2 3 5 6 |  6.0
Fighting       | 4 5 8 10 11 12 14 15 16 17 | 17.0
Dodging        | 4 5 8 10 | 10.0
Evocations     | 4 5 6 9 10 11 13 15 16 | 16.0
Air Magic      | 4 5 |  5.0
Ice Magic      | 4 5 7 8 |  8.0
Throwing       | 3 6 |  6.0
Transmutations | 1 3 |  3.0
Summonings     | 7 10 11 12 | 12.0
Earth Magic    | 5 6 10 | 10.0
Fire Magic     | 5 10 15 18 19 20 | 20.0
Necromancy     | 5 6 8 10 | 10.0

Action                   |  1- 3 |  4- 6 |  7- 9 | 10-12 | 13-15 | 16-18 | 19-21 | 22-24 | 25-27 || total
-------------------------+-------+-------+-------+-------+-------+-------+-------+-------+-------++-------
Melee: Spear             |     5 |       |       |       |       |       |       |       |       ||     5
       Dagger            |     9 |       |       |       |       |       |       |       |       ||     9
       Tailslap          |     2 |     7 |     2 |    17 |    47 |    11 |    13 |     4 |       ||   103
       Flail             |       |    53 |    14 |       |       |       |       |       |       ||    67
       Punch             |       |     1 |     1 |       |       |       |       |       |       ||     2
       Long sword        |       |       |    21 |   135 |   243 |    77 |    51 |       |       ||   527
       Staff             |       |       |       |       |     1 |    18 |    17 |    19 |     9 ||    64
       Bite              |       |       |       |       |    18 |    14 |    11 |     2 |       ||    45
 Cast: Magic Dart        |    27 |    68 |    48 |    19 |     1 |     3 |     5 |     1 |       ||   172
       Searing Ray       |     7 |    23 |    47 |    53 |     5 |     1 |       |       |       ||   136
       Fulminant Prism   |       |       |     6 |    23 |    25 |     1 |       |       |       ||    55
       Iskenderun's Myst |       |       |    15 |    71 |    99 |   101 |    23 |     9 |     2 ||   320
       Freezing Cloud    |       |       |       |       |   110 |   218 |   140 |    34 |    12 ||   514
       Arcjolt           |       |       |       |       |    23 |    14 |     3 |       |       ||    40
       Iron Shot         |       |       |       |       |       |     2 |    92 |    89 |    67 ||   250
       Spellforged Servi |       |       |       |       |       |       |    83 |   153 |    75 ||   311
       Fireball          |       |       |       |       |       |       |   163 |   215 |     5 ||   383
       Yara's Violent Un |       |       |       |       |       |       |     5 |     7 |     4 ||    16
       Starburst         |       |       |       |       |       |       |     5 |     2 |       ||     7
       Borgnjor's Vile C |       |       |       |       |       |       |       |    77 |   165 ||   242
       Blink             |       |       |       |       |       |       |       |     1 |     9 ||    10
       Ignition          |       |       |       |       |       |       |       |    28 |    42 ||    70
       Sublimation of Bl |       |       |       |       |       |       |       |       |    63 ||    63
       Apportation       |       |       |       |       |       |       |       |       |     1 ||     1
Invok: Ancestor Identity |       |       |     1 |       |       |       |       |       |       ||     1
       Ancestor Life: Kn |       |       |       |     1 |       |       |       |       |       ||     1
       Idealise          |       |       |       |     1 |     6 |    12 |    10 |    17 |     5 ||    51
       Recall Ancestor   |       |       |       |     1 |     3 |     4 |     2 |     4 |     5 ||    19
       Transference      |       |       |       |       |       |       |       |     1 |       ||     1
 Abil: Breathe Acid      |       |       |     7 |    33 |    69 |    65 |    69 |    66 |    40 ||   349
Evoke: Wand              |       |     6 |       |     9 |     5 |    15 |     6 |    36 |    28 ||   105
       Condenser vane    |       |       |       |       |     1 |     1 |       |     1 |       ||     3
       Phial of floods   |       |       |       |       |       |       |     3 |     5 |       ||     8
       Phantom mirror    |       |       |       |       |       |       |     1 |     2 |     1 ||     4
       Box of beasts     |       |       |       |       |       |       |       |     3 |     1 ||     4
       Lightning rod     |       |       |       |       |       |       |       |     4 |       ||     4
       Tin of tremorston |       |       |       |       |       |       |       |     2 |       ||     2
  Use: Scroll            |       |     2 |     5 |    21 |     9 |     6 |     2 |    12 |     8 ||    65
       Potion            |       |       |       |     5 |     6 |     3 |       |    25 |    13 ||    52
 Stab: Distracted        |       |       |     1 |       |     7 |     1 |     5 |     1 |       ||    15
Armor: Skin              |     4 |    28 |    39 |    67 |   128 |   102 |    86 |    85 |    31 ||   570
Dodge: Dodged            |    14 |    39 |    44 |   147 |   202 |   128 |    93 |    93 |    73 ||   833
Block: Buckler           |       |       |    13 |    74 |   193 |   127 |    92 |    53 |    27 ||   579
       Kite shield       |       |       |       |       |       |       |       |    32 |       ||    32
       Reflection        |       |       |       |       |       |       |       |     4 |       ||     4

Table legend: (Time is in decaauts)
 A = Elapsed time spent in this place.
 B = Non-inter-level travel time spent in this place.
 C = Inter-level travel time spent in this place.
 D = Time resting spent in this place.
 E = Time spent auto-exploring this place.
 F = Levels seen in this place.
 G = Mean time per level.
                   A        B        C        D        E       F      G
               +--------+--------+--------+--------+--------+-----+--------+
         Total |  97377 |  90029 |   7348 |  36733 |  31538 |  55 | 1770.5 |
       Dungeon |  22379 |  19890 |   2489 |   4944 |  11722 |  15 | 1491.9 |
        Temple |    275 |    259 |     16 |      0 |    199 |   1 |  275.0 |
          Lair |   9134 |   7907 |   1227 |   2343 |   3977 |   5 | 1826.8 |
        Shoals |   6927 |   6620 |    307 |   3078 |   1137 |   4 | 1731.8 |
   Spider Nest |   8385 |   7637 |    748 |   4469 |    693 |   4 | 2096.2 |
    Slime Pits |   4287 |   4084 |    203 |   2078 |   1339 |   5 |  857.4 |
  Orcish Mines |   2143 |   1831 |    312 |    431 |    741 |   2 | 1071.5 |
   Elven Halls |   5700 |   5492 |    208 |   2283 |   1860 |   3 | 1900.0 |
        Vaults |  15562 |  14840 |    722 |   6212 |   4684 |   5 | 3112.4 |
        Depths |   9161 |   8178 |    983 |   4038 |   2976 |   4 | 2290.2 |
           Zot |  11598 |  11468 |    130 |   6029 |   1985 |   5 | 2319.6 |
       Ossuary |    961 |    961 |      0 |    485 |     87 |   1 |  961.0 |
      Gauntlet |    861 |    861 |      0 |    341 |    138 |   1 |  861.0 |
               +--------+--------+--------+--------+--------+-----+--------+

Top non-repeatable levels by time:
Vaults:5: 5614 daAuts
Depths:4: 4238 daAuts
   Zot:5: 3838 daAuts
Spider:4: 3357 daAuts
Vaults:1: 3028 daAuts
  Lair:5: 2777 daAuts
Vaults:2: 2633 daAuts
Shoals:1: 2578 daAuts
     D:9: 2514 daAuts
    D:14: 2509 daAuts
Vaults:3: 2472 daAuts
   Zot:3: 2345 daAuts
   Elf:1: 2342 daAuts
Spider:1: 2248 daAuts
   Zot:1: 2244 daAuts
